 Dungeon Crawl Stone Soup version 0.25.0-41-g26779e291d (webtiles) character file.

Game seed: 5370265473106713458

118 Peloso the Shield-Bearer (level 4, -1/28 HPs)
             Began as a Vampire Fighter on July 10, 2020.
             Slain by Edmund
             ... wielding a +5 antimagic flail
              (4 damage)
             ... on level 5 of the Dungeon.
             The game lasted 00:06:34 (2660 turns).

Peloso the Shield-Bearer (Vampire Fighter)          Turns: 2660, Time: 00:06:34

Health: -1/28      AC: 12    Str: 16    XL:     4   Next: 72%
Magic:  0/4        EV:  4    Int: 10    God:
Gold:   71         SH:  9    Dex: 13    Spells: 3/3 levels left

rFire    . . .     SeeInvis +   a - +1 falchion (vorpal)
rCold    + + .     Gourm    .   c - +0 kite shield
rNeg     + + +     Faith    .   l - +0 chain mail
rPois    ∞         Spirit   .   (no helmet)
rElec    .         Reflect  .   (no cloak)
rCorr    .         Harm     .   j - +2 pair of gloves
MR       .....                  (no boots)
Stlth    ..........             (no amulet)
HPRegen  0.00/turn              i - ring of wizardry
MPRegen  0.09/turn              (no ring)

@: mighty, bloodless
A: no food, fangs 3, see invisible, unbreathing
a: Bat Form, Revivify


You were on level 5 of the Dungeon.
You were bloodless.

You visited 1 branch of the dungeon, and saw 5 of its levels.

You collected 71 gold pieces.

Inventory:

Hand Weapons
 a - a +1 vorpal falchion (weapon)
Armour
 b - a +0 scale mail
 c - a +0 kite shield (worn)
 j - a +2 pair of gloves (worn)
 l - a +0 chain mail (worn)
Jewellery
 i - a ring of wizardry (left hand)
Scrolls
 e - a scroll of random uselessness {unknown}
 f - 3 scrolls of identify {unknown}
 g - a scroll of amnesia {unknown}
 h - 2 scrolls of enchant weapon {unknown}
 m - a scroll of remove curse {unknown}
 p - a scroll of immolation {unknown}
 q - 3 scrolls of teleportation {unknown}
 s - a scroll of noise {unknown}
Potions
 d - a potion of might
 k - 2 potions of haste {unknown}
 n - a potion of cancellation
 o - a potion of flight {unknown}
 r - a potion of brilliance


   Skills:
 + Level 3.2 Fighting
 + Level 3.0 Long Blades
 + Level 3.2 Armour
 + Level 1.0 Dodging
 + Level 0.1 Stealth
 + Level 3.2 Shields


You had 3 spell levels left.
You didn't know any spells.
Your spell library was empty.

Dungeon Overview and Level Annotations

Branches:
Dungeon (5/15)
 Temple: D:4-7

Altars:

Annotations:
D:5 Edmund


Innate Abilities, Weirdness & Mutations

You do not eat.
You do not regenerate when monsters are visible.
You are frail without blood (-20% HP).
You can heal yourself when you bite living creatures.
You are immune to poison.
You have razor-sharp teeth.
You have supernaturally acute eyesight. (SInv)
You can survive without breathing.


Message History

Edmund hits you with a +5 antimagic flail.
* * * LOW HITPOINT WARNING * * *
You feel your power leaking away.
You slash Edmund!
Edmund is severely wounded.
You block Edmund's attack. The dart slug launches a dart at you.
The slug dart hits you but does no damage.
You slash Edmund!
Edmund is almost dead.
Edmund hits you with a +5 antimagic flail.
* * * LOW HITPOINT WARNING * * *
The dart slug completely misses you.
You riposte.
You slash the dart slug!
You kill the dart slug!
Your Long Blades skill increases to level 3!
You hit Edmund.
Edmund is almost dead.
Edmund says, "People think my brother is the best.
I think he's crazy."
Edmund hits you with a +5 antimagic flail.
You die...

#
#######.#.
#.........
#..@.....#
#.@.>....#
#........#
##########


You could see Edmund.

Vanquished Creatures
  5 adders
  2 oozes (D:2)
  2 worms
  2 dart slugs
  A leopard gecko (D:2)
  An orc (D:3)
  2 giant cockroaches
  4 goblins
  7 hobgoblins
  6 jackals
  5 bats
  3 frilled lizards
  7 kobolds
  9 rats
56 creatures vanquished.

Notes
Turn   | Place    | Note
-------+----------+-------------------------------------------
     0 | D:1      | Peloso the Vampire Fighter began the quest for the Orb.
     0 | D:1      | Reached XP level 1. HP: 17/17 MP: 1/1
   130 | D:1      | Reached XP level 2. HP: 22/23 MP: 2/2
  1325 | D:2      | Reached XP level 3. HP: 17/22 MP: 3/3
  2160 | D:3      | Reached XP level 4. HP: 27/28 MP: 4/4
  2193 | D:3      | Reached skill level 1 in Dodging
  2608 | D:3      | You fall into a shaft and drop 1 floor!
  2631 | D:4      | Noticed Edmund
  2631 | D:4      | Noticed a phantom
  2654 | D:5      | Entered Level 5 of the Dungeon
  2660 | D:5      | Slain by Edmund

Illustrated notes

Levels and vault maps discovered:
D:1:      kennysheep_arrival_seaside, layout_basic, dk_noncrumbling_2
D:2:      layout_basic, first_ration, kennysheep_crisscross
D:3:      layout_basic, gammafunk_ghost_cemetery, nrook_mini_vaults
D:4:      layout_rooms, serial_shops, nicolae_shop_stone, nicolae_shop_trees,
          shop, shop, shop_statue, serial_bayou_ford_a, tso_altar, uniq_edmund
D:5:      layout_rooms, kennysheep_mini_moat, minmay_temple_entry_glassed_door,
          gup_sewer_entry_spiral, minmay_crystal_room, uniq_menkaure,
          uniq_eustachio

Skill      XL: |  1  2  3  4 |
---------------+-------------+-----
Shields        | 3 |  3.2
Armour         | 3 |  3.2
Fighting       | 3 |  3.2
Dodging        | 1 |  1.0
Long Blades    | 3 |  3.0
Stealth        | |  0.1

Action                   |  1- 3 |  4- 6 || total
-------------------------+-------+-------++-------
Melee: Long sword        |   137 |       ||   137
       Bite              |    14 |     7 ||    21
       Falchion          |     4 |    84 ||    88
 Abil: Exsanguinate      |     1 |       ||     1
  Use: Potion            |     4 |     1 ||     5
Armor: Scale mail        |    52 |       ||    52
       Chain mail        |    54 |    63 ||   117
Dodge: Dodged            |    42 |    22 ||    64
Block: Kite shield       |    79 |    46 ||   125
       Rpst.: Long sword |    11 |       ||    11
       Falchion          |       |     6 ||     6
